 Dungeon Crawl Stone Soup version 0.23-a0-642-g3120c2f (webtiles) character file.

1482 Azzok the Thaumaturge (level 8, -4/41 HPs)
             Began as a Deep Elf Fire Elementalist on Dec 30, 2018.
             Was a Believer of Vehumet.
             Slain by a killer bee (9 damage)
             ... on level 7 of the Dungeon.
             The game lasted 00:11:04 (7230 turns).

Azzok the Thaumaturge (Deep Elf Fire Elementalist)  Turns: 7230, Time: 00:11:05

Health: -4/41      AC:  3    Str:  5    XL:     8   Next: 50%
Magic:  9/22       EV: 13    Int: 23    God:    Vehumet [**....]
Gold:   362        SH:  2    Dex: 15    Spells: 11/24 levels left

rFire    . . .     SeeInvis .   D - +0 falchion (slice)
rCold    . . .     Gourm    .   (no shield)
rNeg     . . .     Faith    .   a - +0 robe
rPois    .         Spirit   .   (no helmet)
rElec    .         Reflect  +   x - +0 cloak
rCorr    .         Harm     .   (no gloves)
MR       +....                  (no boots)
Stlth    ++........             u - +2 amulet of reflection
HPRegen  0.13/turn              o - ring of protection from magic
MPRegen  0.18/turn              (no ring)

@: lethally poisoned (-4 -> -10), very slightly contaminated
A: no striking features
a: Renounce Religion


You were on level 7 of the Dungeon.
You worshipped Vehumet.
Vehumet was pleased with you.
You were hungry.

You visited 1 branch of the dungeon, and saw 7 of its levels.

You collected 362 gold pieces.

Inventory:

Hand Weapons
 D - a +0 falchion of slicing (weapon)
Armour
 a - a +0 robe (worn)
 q - a +0 buckler
 r - a +0 cloak
 t - a scarf of resistance
 x - a +0 cloak (worn)
Jewellery
 o - a ring of protection from magic (left hand)
 u - a +2 amulet of reflection (around neck)
Scrolls
 b - 6 scrolls of remove curse
 f - 2 scrolls of fear
 h - 4 scrolls of teleportation {unknown}
 i - 5 scrolls of identify {unknown}
 j - 4 scrolls of noise {unknown}
 l - 4 scrolls of enchant weapon {unknown}
 m - 3 scrolls of enchant armour {unknown}
 n - a scroll of blinking {unknown}
 s - 2 scrolls of fog {unknown}
 v - a scroll of magic mapping {unknown}
 y - a scroll of immolation {unknown}
Potions
 d - 3 potions of heal wounds {unknown}
 e - a potion of brilliance {unknown}
 g - 2 potions of degeneration {unknown}
 k - 7 potions of curing {unknown}
 p - a potion of lignification {unknown}
 w - a potion of ambrosia {unknown}
 z - 2 potions of agility {unknown}
 B - a potion of might {unknown}
 C - a potion of haste {unknown}
Comestibles
 c - 12 rations


   Skills:
 - Level 2.4 Dodging
 - Level 2.4 Stealth
 + Level 8.5 Spellcasting
 + Level 6.7 Conjurations
 + Level 7.5 Fire Magic


You had 11 spell levels left.
You knew the following spells:

 Your Spells              Type           Power        Failure   Level  Hunger
a - Flame Tongue          Conj/Fire      #####        1%          1    None
b - Conjure Flame         Conj/Fire      #####...     1%          3    None
c - Sticky Flame          Conj/Fire      #####...     3%          4    ##.....
d - Fireball              Conj/Fire      #####.....   10%         5    #####..

Your spell library contained the following spells:

 Spells                   Type           Power        Failure   Level  Hunger
 Shock                    Conj/Air       ####         1%          1    None
 Magic Dart               Conj           ####         1%          1    None
 Throw Flame              Conj/Fire      #####.       1%          2    None
 Inner Flame              Hex/Fire       ####....     4%          3    None


Dungeon Overview and Level Annotations

Branches:
Dungeon (7/15)             Temple (0/1) D:5

Altars:
Dithmenos
Fedhas
Kikubaaqudgha
Okawaru
Sif Muna
Trog
Vehumet
Zin

Shops:
D:6 *


Message History

Press: ? - help, Shift-Dir - straight line, f - killer bee
Aim: a killer bee You miscast Sticky Flame.
You are very lightly contaminated with residual magic.
Nothing appears to happen.
The killer bee stings you. The killer bee barely misses you.
Casting: Sticky Flame (safe; 3% risk of failure)
Confirm with . or Enter, or press ? or * to list all spells.
Aiming: Sticky Flame (safe; 3% risk of failure)
Press: ? - help, Shift-Dir - straight line, f/p - killer bee
Aim: a killer bee The sticky flame hits the killer bee.
The killer bee is moderately wounded.
The killer bee is covered in liquid flames!
You are feeling hungry.
The killer bee burns!
The killer bee stings you!
* * * LOW HITPOINT WARNING * * *
You are lethally poisoned!
The killer bee poisons you! The killer bee stings you!
You die...

·· ···· ▒▒▒▒▒▒▒ ▒▒ ·· ····
▒▒······ ··▒▒·▒ ▒··▒ ▒▒·······
······▒ ▒▒··▒ ▒▒········
·······▒▒▒···▒ ▒▒▒▒·········
···········y▒▒ ▒▒▒···(········
··········gyy▒▒▒··············
············▒@····▒···········
···········(▒▒·(·▒▒▒··········
············▒·····(···········
·······5····▒··▒·)()·▒··▒··▒▒▒
············▒·▒▒··_(·▒▒·▒▒▒▒
······o·····▒··▒·)···▒··▒
············▒···········▒
···········▒▒▒···▒▒▒(···▒
···········▒ ▒▒···▒·····▒


You could see 3 killer bees and a gnoll.

Vanquished Creatures
  A hungry ghost (D:7)
  An ice beast (D:5)
  A sky beast (D:5)
  2 phantoms
  An ogre (D:7)
  A centaur (D:7)
  3 bullfrogs
  A scorpion (D:4)
  2 howler monkeys
  An orc priest (D:5)
  5 orc wizards
  A hound (D:4)
  2 iguanas (D:4)
  A worker ant (D:4)
  A hound zombie (D:5)
  7 adders
  A howler monkey skeleton (D:5)
  An ooze (D:1)
  3 adder zombies (D:6)
  4 worms (D:2)
  A dart slug (D:4)
  3 leopard geckos
  17 orcs
  3 giant cockroaches
  4 goblins
  6 hobgoblins
  11 jackals
  5 kobolds
  3 quokkas
  8 bats
  5 frilled lizards
  A jackal skeleton (D:6)
  A leopard gecko skeleton (D:4)
  10 rats
118 creatures vanquished.

Notes
Turn   | Place    | Note
-------+----------+-------------------------------------------
     0 | D:1      | Azzok the Deep Elf Fire Elementalist began the quest for
                  | the Orb.
     0 | D:1      | Reached XP level 1. HP: 10/10 MP: 6/6
   190 | D:1      | Reached XP level 2. HP: 15/15 MP: 2/8
   601 | D:1      | Reached XP level 3. HP: 19/19 MP: 6/10
  1082 | D:2      | Reached skill level 4 in Spellcasting
  1679 | D:2      | Reached XP level 4. HP: 22/24 MP: 4/12
  2265 | D:3      | Found an ancient bone altar of Kikubaaqudgha.
  2304 | D:3      | Found a radiant altar of Vehumet.
  2306 | D:3      | Found a deep blue altar of Sif Muna.
  2311 | D:3      | Identified Vehumet's Papyrus of Attacks
  2314 | D:3      | Became a worshipper of Vehumet
  2916 | D:3      | Learned a level 2 spell: Throw Flame
  2921 | D:3      | Learned a level 4 spell: Sticky Flame
  2988 | D:4      | Reached XP level 5. HP: 28/28 MP: 8/14
  2993 | D:4      | Reached skill level 5 in Spellcasting
  3381 | D:4      | Reached skill level 5 in Fire Magic
  3381 | D:4      | Reached XP level 6. HP: 19/32 MP: 9/16
  3670 | D:4      | Reached * piety under Vehumet
  3670 | D:4      | Offered knowledge of Sting by Vehumet.
  3862 | D:4      | Reached skill level 6 in Spellcasting
  3884 | D:4      | Learned a level 5 spell: Fireball
  4301 | D:5      | Entered Level 5 of the Dungeon
  4385 | D:5      | Found a bloodstained altar of Trog.
  4386 | D:5      | Reached XP level 7. HP: 36/36 MP: 12/18
  4413 | D:5      | Reached skill level 5 in Conjurations
  4518 | D:5      | Learned a level 3 spell: Conjure Flame
  4637 | D:5      | Found a staircase to the Ecumenical Temple.
  5027 | D:5      | Found a shadowy altar of Dithmenos.
  5221 | D:5      | Reached skill level 7 in Spellcasting
  5972 | D:6      | Found a blossoming altar of Fedhas.
  5991 | D:6      | Offered knowledge of Shock by Vehumet.
  6033 | D:6      | Reached ** piety under Vehumet
  6033 | D:6      | Reached XP level 8. HP: 38/41 MP: 7/21
  6126 | D:6      | Found a glowing silver altar of Zin.
  6129 | D:6      | Found Zin's Purification Station.
  6649 | D:7      | Found an iron altar of Okawaru.
  6660 | D:7      | Reached skill level 8 in Spellcasting
  7230 | D:7      | Slain by a killer bee

Vault maps used:
D:1:      zelgadis_glass_arrival_small
D:3:      grunt_temple_overflow_magic_moments
D:4:      first_ration, hangedman_decor_riveting
D:5:      nicolae_overflow_hidden_temple, minmay_temple_entry_drinking_statues,
          bloody_trog
D:6:      lemuel_round_altar, zin_purify
D:7:      okawaru_ov_weapons_minmay, lightli_bailey_entry_fortress

Skill      XL: |  1  2  3  4  5  6  7  8 |
---------------+-------------------------+-----
Conjurations   | 2 3 4 5 6 |  6.7
Fire Magic     | 4 5 6 7 |  7.5
Spellcasting   | 4 5 6 7 8 |  8.5
Dodging        | |  2.4
Stealth        | |  2.4

Action                   |  1- 3 |  4- 6 |  7- 9 || total
-------------------------+-------+-------+-------++-------
Melee: Unarmed           |     2 |     2 |       ||     4
       Falchion          |       |       |    27 ||    27
 Cast: Flame Tongue      |    71 |   114 |    85 ||   270
       Fireball          |       |       |     7 ||     7
       Sticky Flame      |       |       |     5 ||     5
  Use: Scroll            |       |       |     3 ||     3
  Eat: Chunk             |     2 |     7 |    10 ||    19
       Ration            |       |     1 |       ||     1
Armor: Robe              |     7 |     8 |    15 ||    30
Dodge: Dodged            |    24 |    54 |    56 ||   134
Block: Other             |       |     3 |     4 ||     7
       Reflection        |       |     1 |     1 ||     2
       Rpst.: Falchion   |       |       |     9 ||     9

Table legend:
 A = Non-vault XP
 B = Vault XP
 C = Vault XP percentage of total XP
 D = Non-vault monster count
 E = Vault monster count
 F = Vault count percentage of total count
                 A         B        C        D         E       F
            +---------+---------+-------+---------+---------+-------
      Total |    2118 |       0 |   0.0 |     118 |       0 |   0.0
            +---------+---------+-------+---------+---------+-------
        D:1 |      48 |       0 |   0.0 |      25 |       0 |   0.0
        D:2 |      78 |       0 |   0.0 |      18 |       0 |   0.0
        D:3 |      37 |       0 |   0.0 |      10 |       0 |   0.0
        D:4 |     503 |       0 |   0.0 |      20 |       0 |   0.0
        D:5 |     424 |       0 |   0.0 |      17 |       0 |   0.0
        D:6 |     460 |       0 |   0.0 |      19 |       0 |   0.0
        D:7 |     568 |       0 |   0.0 |       9 |       0 |   0.0
            +---------+---------+-------+---------+---------+-------
